 Dungeon Crawl Stone Soup version 0.28.0-47-ge53b351184 (webtiles) character file.

Game seed: 6717266683007555363

91 Descartes the Grasshopper (level 4, -8/33 HPs)
             Began as a Formicid Warper on May 9, 2022.
             Splashed by a jelly's acid (9 damage)
             ... on level 3 of the Dungeon.
             The game lasted 00:02:59 (2926 turns).

Descartes the Grasshopper (Formicid Warper)         Turns: 2926, Time: 00:03:00

Health: -8/33      AC:  9    Str: 17    XL:     4   Next: 87%
Magic:  7/7        EV:  7    Int: 13    God:
Gold:   43         SH:  0    Dex: 10    Spells: 7/7 levels left

rFire   . . .      SeeInvis +   a - +0 mace
rCold   . . .      Faith    .   (no shield)
rNeg    . . .      Spirit   .   j - +0 chain mail
rPois   .          Reflect  .   (helmet unavailable)
rElec   .          Harm     .   (no cloak)
rCorr   .          Rampage  .   o - +0 pair of gloves
Will    .....                   (no boots)
Stlth   ..........              (no amulet)
HPRegen 0.11/turn               (no ring)
MPRegen 0.10/turn               (no ring)

@: no status effects
A: permanent stasis, dig shafts and tunnels, antennae 3, four strong arms
a: Dig, Shaft Self


You were on level 3 of the Dungeon.
You visited 1 branch of the dungeon, and saw 3 of its levels.

You collected 43 gold pieces.

Inventory:

Hand Weapons
 a - a +0 mace (weapon)
Missiles
 c - 5 boomerangs of dispersal (quivered)
 e - 9 poisoned darts
 g - 62 stones
Armour
 b - a +0 leather armour
 j - a +0 chain mail (worn)
 o - a +0 pair of gloves (worn)
Scrolls
 d - a scroll of enchant weapon {unknown}
 i - 6 scrolls of immolation {unknown}
 k - a scroll of holy word {unknown}
 m - 3 scrolls of identify {unknown}
 n - 2 scrolls of blinking {unknown}
 p - a scroll of teleportation {unknown}
Potions
 f - a potion of attraction {unknown}
 h - a potion of mutation {unknown}
 l - a potion of invisibility {unknown}
 q - a potion of heal wounds {unknown}


   Skills:
 - Level 2.1 Fighting
 + Level 2.9 Maces & Flails
 - Level 1.0 Throwing
 + Level 2.3 Armour
 - Level 1.7 Dodging
 + Level 2.2 Shields
 - Level 2.1 Spellcasting
 + Level 3.3 Translocations


You had 7 spell levels left.
You didn't know any spells.
Your spell library contained the following spells:

 Spells                   Type           Power      Damage    Failure   Level
 Gell's Gravitas          Tloc           10%        N/A       97%         3
 Lesser Beckoning         Tloc           10%        N/A       97%         3
 Teleport Other           Tloc           10%        N/A       97%         3
 Dazzling Flash           Conj/Hex       2%         N/A       100%        3
 Iskenderun's Mystic Bla  Conj/Tloc      5%         2d3       100%        4
 Manifold Assault         Tloc           10%        N/A       100%        5
 Starburst                Conj/Fire      0%         6d3       100%        6
 Blink                    Tloc           Unusable   N/A       N/A         2

Dungeon Overview and Level Annotations

Branches:
Dungeon (3/15)

Altars:


Innate Abilities, Weirdness & Mutations

You cannot be hasted, slowed, berserked, paralysed or teleported.
You can dig through walls and to a lower floor.
You have a pair of large antennae on your head. (SInv)
Your four strong arms can wield two-handed weapons with a shield.


Message History

No target in view!
No target in view!
No target in view!
No target in view!
No target in view!
No target in view!
You pick up a book of Spectacle and begin reading...
You add the spells Dazzling Flash, Iskenderun's Mystic Blast and Starburst to your library.
You sense a monster nearby.
No target in view!
An orc comes into view. It is wielding a +0 war axe.
A jelly comes into view.
The jelly quivers.
The orc shouts!
The orc hits you with a +0 war axe.
You hit the jelly.
Your hands burn!
The jelly is lightly wounded.
The orc hits you with a +0 war axe! The jelly barely misses you.
You hit the jelly.
Your hands burn!
The jelly is moderately wounded.
The orc hits you with a +0 war axe.
* * * LOW HITPOINT WARNING * * *
The jelly hits you but does no damage.
You are too injured to fight recklessly!
You are too injured to fight recklessly!
You are too injured to fight recklessly!
You are too injured to fight recklessly!
You are too injured to fight recklessly!
You are too injured to fight recklessly!
You are too injured to fight recklessly!
You are too injured to fight recklessly!
You are too injured to fight recklessly!
You are too injured to fight recklessly!
You are too injured to fight recklessly!
The orc hits you with a +0 war axe!
* * * LOW HITPOINT WARNING * * *
The jelly hits you.
* * * LOW HITPOINT WARNING * * *
You are splashed with acid!
You die...

##...#.## #..#
........########..##
#.................
##.#...##.###.#..#
######.###.#..#
#.....##.#..# .
####.o##.#..##...
#####..J..........#
♣.........@.........$
......#.###<#####.#.#
.....##.# #.# # #
....# #.# #.# ♣♣##
... ... #.# #.# ...
... ###


You could see a jelly and an orc.

Vanquished Creatures
  Jessica (D:2)
  2 adders (D:2)
  2 worms (D:2)
  2 dart slugs
  A bat (D:2)
  3 endoplasms
  A giant cockroach (D:2)
  3 hobgoblins
  2 jackals (D:1)
  A quokka (D:1)
  4 ball pythons (D:1)
  11 frilled lizards (D:1)
  6 kobolds
  2 rats
41 creatures vanquished.

Vanquished Creatures (others)
  7 plants (D:1)
7 creatures vanquished.

Grand Total: 48 creatures vanquished

Notes
Turn   | Place    | Note
-------+----------+-------------------------------------------
     0 | D:1      | Descartes the Formicid Warper began the quest for the Orb.
     0 | D:1      | Reached XP level 1. HP: 16/16 MP: 3/3
   585 | D:1      | Reached XP level 2. HP: 21/22 MP: 5/5
   606 | D:1      | Reached skill level 1 in Shields
  1374 | D:1      | Reached XP level 3. HP: 23/27 MP: 6/6
  1579 | D:1      | Reached skill level 3 in Translocations
  1698 | D:2      | Noticed Jessica
  1712 | D:2      | Killed Jessica
  1713 | D:2      | Reached XP level 4. HP: 23/33 MP: 7/7
  2272 | D:2      | Found a faded altar of an unknown god.
  2918 | D:3      | HP: 1/33 [orc/+0 war axe (7)]
  2926 | D:3      | HP: 1/33 [jelly (1)]
  2926 | D:3      | Splashed by a jelly's acid

Illustrated notes

Levels and vault maps discovered:
D:1:      minmay_arrival_diagonal_passages, layout_loops_ring,
          minmay_misc_feat_pillars, minmay_lizard_king
D:2:      layout_loops_ring, hellmonk_ecumenical_altar_run_dry,
          kennysheep_potato, uniq_jessica
D:3:      layout_loops_ring, uniq_grinder, uniq_natasha,
          uniq_crazy_yiuf_cottage, uniq_sigmund

Skill      XL: |  1  2  3  4 |
---------------+-------------+-----
Shields        | 1 2 |  2.2
Translocations | 3 |  3.3
Armour         | 2 |  2.3
Fighting       | |  2.1
Maces & Flails | |  2.9
Throwing       | |  1.0
Dodging        | |  1.7
Spellcasting   | |  2.1

Action                   |  1- 3 |  4- 6 || total
-------------------------+-------+-------++-------
Melee: Mace              |    82 |    54 ||   136
       Punch             |       |     2 ||     2
Armor: Leather armour    |    16 |       ||    16
       Chain mail        |    17 |    31 ||    48
Dodge: Dodged            |    29 |    28 ||    57
